TOP OF THE 1ST |
Menlo Maniacs batting - Pitching for Bismarck Barons : RHP César Sánchez
|
Pitching: RHP César Sánchez
|
|
Batting: RHB Manuel Alonso
|
0-0: Called Strike 0-1: Ball 1-1: Ball 2-1: DOUBLE (Line Drive, 9LS)
|
Batting: RHB Gilberto León
|
0-0: Ball 1-0: Ball 2-0: SINGLE (Groundball, 6MD) Manuel Alonso to third
|
Batting: RHB Jason Blair
|
0-0: SINGLE (Groundball, 6D) Manuel Alonso scores Gilberto León to second
|
Batting: LHB Ken Smith
|
0-0: Ball 1-0: Ball 2-0: Called Strike 2-1: Foul Ball, location: 2F 2-2: Foul Ball, location: 2F 2-2: Strikes out swinging
|
Batting: RHB Clinton Barton
|
0-0: Foul Ball, location: 2F 0-1: Ball 1-1: Ball 2-1: Called Strike 2-2: SINGLE (Line Drive, 9LS) Gilberto León to third Jason Blair to second Runner from 3rd tries for Home, SAFE, throw made home Jason Blair to third Clinton Barton to second
|
Batting: LHB Bernardo Rodríguez
|
0-0: Called Strike 0-1: Foul Ball, location: 2F 0-2: Foul Ball, location: 2F 0-2: Strikes out swinging
|
Batting: RHB Eleuterio Supardo
|
0-0: Called Strike 0-1: Ground out 5-3 (Groundball, 5S)
|
Top of the 1st over - 2 run(s), 4 hit(s), 0 error(s), 2 left on base; Menlo 2 - Bismarck 0 |
BOTTOM OF THE 1ST |
Bismarck Barons batting - Pitching for Menlo Maniacs : RHP Juan Caballero
|
Pitching: RHP Juan Caballero
|
|
Batting: SHB Álex Hernández
|
0-0: Ball 1-0: Swinging Strike 1-1: Called Strike 1-2: Ball 2-2: Strikes out swinging
|
Batting: LHB José Martínez
|
0-0: Called Strike 0-1: Ball 1-1: Swinging Strike 1-2: Ball 2-2: SINGLE (Groundball, 34) (infield hit)
|
Batting: RHB Seiji Kouno
|
0-0: SINGLE (Line Drive, 89S) José Martínez to second
|
Batting: RHB Mark Roy
|
0-0: Fielders Choice at 2nd, 1-6 (Groundball, 13S) José Martínez to third
|
Batting: SHB Jeff Chambers
|
0-0: Ball 1-0: Foul Ball, location: 2F 1-1: Swinging Strike 1-2: Fly out, F7 (Line Drive, 7)
|
Bottom of the 1st over - 0 run(s), 2 hit(s), 0 error(s), 2 left on base; Menlo 2 - Bismarck 0 |
TOP OF THE 2ND |
Menlo Maniacs batting - Pitching for Bismarck Barons : RHP César Sánchez
|
Batting: RHB Kyle Mann
|
0-0: Called Strike 0-1: Ball 1-1: Ball 2-1: Ball 3-1: Swinging Strike 3-2: Strikes out swinging
|
Batting: SHB José Vélez
|
0-0: Ground out U3 (Groundball, 3)
|
Batting: RHB Manuel Alonso
|
0-0: Hit by Pitch
|
Batting: RHB Gilberto León
|
0-0: Called Strike 0-1: Fly out, F9 (Flyball, 9S)
|
Top of the 2nd over - 0 run(s), 0 hit(s), 0 error(s), 1 left on base; Menlo 2 - Bismarck 0 |
BOTTOM OF THE 2ND |
Bismarck Barons batting - Pitching for Menlo Maniacs : RHP Juan Caballero
|
Batting: LHB Johnny Foley
|
0-0: Ball 1-0: Ground out 6-3 (Groundball, 6MS)
|
Batting: RHB Fernando Castellanos
|
0-0: Ball 1-0: Ball 2-0: Ball 3-0: Base on Balls
|
Batting: RHB Felipe Domínguez
|
0-0: Called Strike 0-1: Ball 1-1: Foul Ball, location: 2F 1-2: Foul Ball, location: 2F 1-2: Strikes out swinging
|
Batting: RHB Pancho Torres
|
0-0: Called Strike 0-1: Fly out, F9 (Flyball, 9)
|
Bottom of the 2nd over - 0 run(s), 0 hit(s), 0 error(s), 1 left on base; Menlo 2 - Bismarck 0 |
TOP OF THE 3RD |
Menlo Maniacs batting - Pitching for Bismarck Barons : RHP César Sánchez
|
Batting: RHB Jason Blair
|
0-0: Foul Ball, location: 2F 0-1: Foul Ball, location: 2F 0-2: Foul Ball, location: 2F 0-2: SINGLE (Line Drive, 8RS)
|
Batting: LHB Ken Smith
|
0-0: Ball 1-0: Ball 2-0: Called Strike 2-1: Ball 3-1: Foul Ball, location: 2F 3-2: Foul Ball, location: 2F 3-2: Base on Balls Jason Blair to second
|
Batting: RHB Clinton Barton
|
0-0: Ball 1-0: Called Strike 1-1: Foul Ball, location: 2F 1-2: Ball 2-2: Foul Ball, location: 2F 2-2: Ball 3-2: Strikes out swinging
|
Batting: LHB Bernardo Rodríguez
|
0-0: Ball 1-0: Ball Jason Blair steals 3rd base Ken Smith to second 2-0: Ground out 6-3 (Groundball, 6S) Jason Blair scores Ken Smith to third
|
Batting: RHB Eleuterio Supardo
|
0-0: Swinging Strike 0-1: Ball Wild Pitch! Ken Smith scores 1-1: Ball 2-1: Ball 3-1: Foul Ball, location: 2F 3-2: Ground out 5-3 (Groundball, 56)
|
Top of the 3rd over - 2 run(s), 1 hit(s), 0 error(s), 0 left on base; Menlo 4 - Bismarck 0 |
BOTTOM OF THE 3RD |
Bismarck Barons batting - Pitching for Menlo Maniacs : RHP Juan Caballero
|
Batting: SHB Álex Hernández
|
0-0: Ball 1-0: Ball 2-0: Called Strike 2-1: Foul Ball, location: 2F 2-2: Ball 3-2: Base on Balls
|
Batting: LHB José Martínez
|
0-0: Ball 1-0: Ball 2-0: Called Strike 2-1: Foul Ball, location: 2F 2-2: Foul Ball, location: 2F 2-2: Ball 3-2: Foul Ball, location: 2F 3-2: Fly out, F8 (Flyball, 89S)
|
Batting: RHB Seiji Kouno
|
0-0: Called Strike 0-1: Ball 1-1: Ball 2-1: Ball 3-1: Called Strike 3-2: Fly out, F8 (Flyball, 8LS)
|
Batting: RHB Mark Roy
|
0-0: SINGLE (Groundball, 34D) Álex Hernández to second Runner from 2nd tries for 3rd, SAFE, throw made to third
|
Batting: SHB Jeff Chambers
|
0-0: Ball 1-0: Ball 2-0: Ball 3-0: Called Strike 3-1: Base on Balls Mark Roy to second
|
Batting: LHB Johnny Foley
|
0-0: Foul Ball, location: 2F 0-1: Ball 1-1: Foul Ball, location: 2F 1-2: Ball 2-2: SINGLE (Flyball, 7LS) Álex Hernández scores Mark Roy to third Jeff Chambers to second
|
Batting: RHB Fernando Castellanos
|
0-0: Called Strike 0-1: Called Strike 0-2: Strikes out looking
|
Bottom of the 3rd over - 1 run(s), 2 hit(s), 0 error(s), 3 left on base; Menlo 4 - Bismarck 1 |
TOP OF THE 4TH |
Menlo Maniacs batting - Pitching for Bismarck Barons : RHP César Sánchez
|
Batting: RHB Kyle Mann
|
0-0: Called Strike 0-1: Swinging Strike 0-2: Foul Ball, location: 2F 0-2: Ball 1-2: Ball 2-2: Strikes out looking
|
Batting: SHB José Vélez
|
0-0: Ground out 4-3 (Groundball, 4)
|
Batting: RHB Manuel Alonso
|
0-0: Foul Ball, location: 2F 0-1: Fly out, F7 (Flyball, 78S)
|
Top of the 4th over - 0 run(s), 0 hit(s), 0 error(s), 0 left on base; Menlo 4 - Bismarck 1 |
BOTTOM OF THE 4TH |
Bismarck Barons batting - Pitching for Menlo Maniacs : RHP Juan Caballero
|
Batting: RHB Felipe Domínguez
|
0-0: Called Strike 0-1: Swinging Strike 0-2: Strikes out looking
|
Batting: RHB Pancho Torres
|
0-0: Swinging Strike 0-1: Ground out 5-3 (Groundball, 56)
|
Batting: SHB Álex Hernández
|
0-0: Ball 1-0: Ground out 1-3 (Groundball, 13S)
|
Bottom of the 4th over - 0 run(s), 0 hit(s), 0 error(s), 0 left on base; Menlo 4 - Bismarck 1 |
TOP OF THE 5TH |
Menlo Maniacs batting - Pitching for Bismarck Barons : RHP César Sánchez
|
Batting: RHB Gilberto León
|
0-0: Called Strike 0-1: DOUBLE (Line Drive, 89M)
|
Batting: RHB Jason Blair
|
0-0: Called Strike 0-1: Ball 1-1: Foul Ball, location: 2F 1-2: Strikes out swinging
|
Batting: LHB Ken Smith
|
0-0: Swinging Strike 0-1: Foul Ball, location: 2F 0-2: Ball 1-2: Ball 2-2: Foul Ball, location: 2F 2-2: Ball 3-2: Strikes out swinging
|
Batting: RHB Clinton Barton
|
0-0: Ball 1-0: Ball 2-0: Ball 3-0: Base on Balls
|
Batting: LHB Bernardo Rodríguez
|
0-0: Ball 1-0: Fly out, F7 (Flyball, 7LSF)
|
Top of the 5th over - 0 run(s), 1 hit(s), 0 error(s), 2 left on base; Menlo 4 - Bismarck 1 |
BOTTOM OF THE 5TH |
Bismarck Barons batting - Pitching for Menlo Maniacs : RHP Juan Caballero
|
Batting: LHB José Martínez
|
0-0: Ball 1-0: Foul Ball, location: 2F 1-1: DOUBLE (Line Drive, 9LM)
|
Batting: RHB Seiji Kouno
|
0-0: Called Strike 0-1: Ball 1-1: DOUBLE (Line Drive, 78XD) José Martínez scores
|
Batting: RHB Mark Roy
|
0-0: Ground out 4-3 (Groundball, 4) Seiji Kouno to third
|
Batting: SHB Jeff Chambers
|
0-0: Ball 1-0: Foul Ball, location: 2F 1-1: Swinging Strike 1-2: Ball 2-2: Foul Ball, location: 2F 2-2: Ball 3-2: Fly out, F7 (Line Drive, 7)
|
Batting: LHB Johnny Foley
|
0-0: Fly out, F9 (Line Drive, 9D)
|
Bottom of the 5th over - 1 run(s), 2 hit(s), 0 error(s), 1 left on base; Menlo 4 - Bismarck 2 |
TOP OF THE 6TH |
Menlo Maniacs batting - Pitching for Bismarck Barons : RHP César Sánchez
|
Batting: RHB Eleuterio Supardo
|
0-0: Called Strike 0-1: Ball 1-1: SINGLE (Line Drive, 9S)
|
Pitching: RHP Edgar Villa
|
|
Batting: RHB Kyle Mann
|
0-0: Ball 1-0: Ball 2-0: Ball 3-0: Base on Balls Eleuterio Supardo to second
|
Batting: SHB José Vélez
|
0-0: Called Strike 0-1: Swinging Strike 0-2: Ball 1-2: Strikes out swinging
|
Batting: RHB Manuel Alonso
|
0-0: Fly out, F7 (Flyball, 78M)
|
Batting: RHB Gilberto León
|
0-0: Ball 1-0: Fly out, F2 (Popup, 15)
|
Top of the 6th over - 0 run(s), 1 hit(s), 0 error(s), 2 left on base; Menlo 4 - Bismarck 2 |
BOTTOM OF THE 6TH |
Bismarck Barons batting - Pitching for Menlo Maniacs : RHP Juan Caballero
|
Batting: RHB Fernando Castellanos
|
0-0: Ground out 3-1 (Groundball, 34S)
|
Batting: RHB Felipe Domínguez
|
0-0: Called Strike 0-1: Foul Ball, location: 2F 0-2: Strikes out swinging
|
Batting: RHB Pancho Torres
|
0-0: Swinging Strike 0-1: Ball 1-1: Ground out 1-3 (Groundball, 15S)
|
Bottom of the 6th over - 0 run(s), 0 hit(s), 0 error(s), 0 left on base; Menlo 4 - Bismarck 2 |
TOP OF THE 7TH |
Menlo Maniacs batting - Pitching for Bismarck Barons : RHP Edgar Villa
|
Batting: RHB Jason Blair
|
0-0: Ball 1-0: Ball 2-0: Ball 3-0: Base on Balls
|
Batting: LHB Ken Smith
|
0-0: Ball 1-0: Swinging Strike 1-1: Ball 2-1: Swinging Strike 2-2: Foul Ball, location: 2F 2-2: Fly out, F9 (Line Drive, 89M)
|
Batting: RHB Clinton Barton
|
0-0: Ball 1-0: Swinging Strike 1-1: Ball 2-1: Ball 3-1: Base on Balls Jason Blair to second
|
Batting: LHB Bernardo Rodríguez
|
0-0: Ball Jason Blair steals 3rd base Clinton Barton to second 1-0: Ball 2-0: Called Strike 2-1: Foul Ball, location: 2F 2-2: Foul Ball, location: 2F 2-2: SINGLE (Groundball, 34) Jason Blair scores Clinton Barton to third Runner from 3rd tries for Home, SAFE, no throw
|
Batting: RHB Eleuterio Supardo
|
0-0: Hit by Pitch Bernardo Rodríguez to second
|
Batting: RHB Kyle Mann
|
0-0: Ball Bernardo Rodríguez steals 3rd base Eleuterio Supardo to second 1-0: Called Strike 1-1: Ball 2-1: Foul Ball, location: 2F 2-2: Foul Ball, location: 2F 2-2: Ball 3-2: Strikes out looking
|
Batting: SHB José Vélez
|
0-0: Foul Ball, location: 2F 0-1: SINGLE (Flyball, 8LS) Bernardo Rodríguez scores Eleuterio Supardo to third
|
Pitching: RHP Jesús Díaz
|
|
Batting: RHB Manuel Alonso
|
0-0: Ball 1-0: Called Strike 1-1: Ball 2-1: Called Strike 2-2: Ball 3-2: Foul Ball, location: 2F 3-2: Foul Ball, location: 2F 3-2: Strikes out swinging
|
Top of the 7th over - 3 run(s), 2 hit(s), 0 error(s), 2 left on base; Menlo 7 - Bismarck 2 |
BOTTOM OF THE 7TH |
Bismarck Barons batting - Pitching for Menlo Maniacs : RHP Juan Caballero
|
Pitching: LHP Marc Sizemore
|
|
Batting: SHB Álex Hernández
|
0-0: Ball 1-0: Ball 2-0: Ball 3-0: Base on Balls
|
Batting: LHB José Martínez
|
0-0: Foul Ball, location: 2F 0-1: Ball 1-1: Foul Ball, location: 2F 1-2: Ball 2-2: Foul Ball, location: 2F 2-2: Foul Ball, location: 2F 2-2: Ball 3-2: Foul Ball, location: 2F 3-2: Ground out 4-3 (Groundball, 4) Álex Hernández to second
|
Batting: RHB Seiji Kouno
|
0-0: Ball 1-0: Called Strike 1-1: Swinging Strike 1-2: Foul Ball, location: 2F 1-2: Foul Ball, location: 2F 1-2: Ball 2-2: Fly out, F7 (Flyball, 7)
|
Batting: RHB Mark Roy
|
0-0: Ball 1-0: Fly out, F4 (Popup, 4)
|
Bottom of the 7th over - 0 run(s), 0 hit(s), 0 error(s), 1 left on base; Menlo 7 - Bismarck 2 |
TOP OF THE 8TH |
Menlo Maniacs batting - Pitching for Bismarck Barons : RHP Jesús Díaz
|
Batting: RHB Gilberto León
|
0-0: Ball 1-0: Ball 2-0: Ball 3-0: Called Strike 3-1: Swinging Strike 3-2: Foul Ball, location: 2F 3-2: Ground out 3-1 (Groundball, 34)
|
Batting: RHB Jason Blair
|
0-0: Ball 1-0: Ball 2-0: Called Strike 2-1: Called Strike 2-2: Foul Ball, location: 2F 2-2: Foul Ball, location: 2F 2-2: Ball 3-2: Base on Balls
|
Batting: LHB Ken Smith
|
0-0: Hit by Pitch Jason Blair to second
|
Batting: RHB Clinton Barton
|
0-0: Ball 1-0: Ball 2-0: Ball 3-0: Called Strike 3-1: Foul Ball, location: 2F 3-2: Strikes out swinging
|
Batting: LHB Bernardo Rodríguez
|
0-0: Called Strike 0-1: Ball 1-1: 3-RUN HOME RUN (Flyball, 9LD), Distance : 312 ft
|
Batting: RHB Eleuterio Supardo
|
0-0: Ball 1-0: Ball 2-0: Foul Ball, location: 2F 2-1: Called Strike 2-2: Strikes out swinging
|
Top of the 8th over - 3 run(s), 1 hit(s), 0 error(s), 0 left on base; Menlo 10 - Bismarck 2 |
BOTTOM OF THE 8TH |
Bismarck Barons batting - Pitching for Menlo Maniacs : LHP Marc Sizemore
|
Now at 1B: Robby Lawson
|
|
Now at 2B: Miguel González
|
|
Now in LF: Byron Bracy
|
|
Batting: SHB Jeff Chambers
|
0-0: Called Strike 0-1: Ball 1-1: DOUBLE (Flyball, 89D)
|
Batting: LHB Johnny Foley
|
0-0: Called Strike 0-1: Called Strike 0-2: Strikes out swinging
|
Batting: RHB Fernando Castellanos
|
0-0: Swinging Strike 0-1: 2-RUN HOME RUN (Flyball, 7D), Distance : 354 ft
|
Batting: RHB Felipe Domínguez
|
0-0: Fly out, F5 (Popup, 5)
|
Batting: RHB Pancho Torres
|
0-0: Ball 1-0: Ball 2-0: Foul Ball, location: 2F 2-1: Foul Ball, location: 2F 2-2: SINGLE (Groundball, 56) (infield hit)
|
Batting: SHB Álex Hernández
|
0-0: Fly out, F8 (Line Drive, 78M)
|
Bottom of the 8th over - 2 run(s), 3 hit(s), 0 error(s), 1 left on base; Menlo 10 - Bismarck 4 |
TOP OF THE 9TH |
Menlo Maniacs batting - Pitching for Bismarck Barons : RHP Jesús Díaz
|
Batting: RHB Kyle Mann
|
0-0: Foul Ball, location: 2F 0-1: Reached on error, E5 (Popup, 5S)
|
Batting: SHB José Vélez
|
0-0: Called Strike 0-1: Foul Ball, location: 2F 0-2: Fielders Choice at 2nd, 4-6 (Groundball, 4)
|
Batting: RHB Manuel Alonso
|
0-0: Ball 1-0: Ground out 5-3 (Groundball, 5S) José Vélez to second
|
Batting: RHB Gilberto León
|
0-0: Ball 1-0: Ball 2-0: Foul Ball, location: 2F 2-1: Ball 3-1: Base on Balls
|
Batting: RHB Jason Blair
|
0-0: Foul Ball, location: 2F 0-1: Ball 1-1: Swinging Strike 1-2: Foul Ball, location: 2F 1-2: Ball 2-2: Ball 3-2: DOUBLE (Flyball, 8RM) José Vélez scores Gilberto León to third Gilberto León scores
|
Pitching: RHP Neil Birss
|
|
Batting: RHB Miguel González
|
0-0: SINGLE (Groundball, 4MD) Jason Blair to third Runner from 3rd tries for Home, throw and OUT!
|
Top of the 9th over - 2 run(s), 2 hit(s), 1 error(s), 1 left on base; Menlo 12 - Bismarck 4 |
BOTTOM OF THE 9TH |
Bismarck Barons batting - Pitching for Menlo Maniacs : LHP Marc Sizemore
|
Now at 3B: Tristan Walker
|
|
Batting: LHB José Martínez
|
0-0: Ball 1-0: Foul Ball, location: 2F 1-1: Fly out, F3 (Popup, 3S)
|
Batting: RHB Seiji Kouno
|
0-0: Ball 1-0: Ground out 4-3 (Groundball, 4)
|
Batting: RHB Mark Roy
|
0-0: SINGLE (Groundball, 6MD)
|
Batting: SHB Jeff Chambers
|
0-0: Ball 1-0: Ball 2-0: Ball 3-0: Called Strike 3-1: Foul Ball, location: 2F 3-2: SINGLE (Flyball, 9S) Mark Roy to second Mark Roy to third
|
Batting: LHB Johnny Foley
|
0-0: Ball 1-0: Ball 2-0: Called Strike 2-1: Ball 3-1: Base on Balls Jeff Chambers to second
|
Batting: RHB Fernando Castellanos
|
0-0: Ball 1-0: Ball 2-0: Foul Ball, location: 2F 2-1: SINGLE (Groundball, 6D) Mark Roy scores Jeff Chambers to third Johnny Foley to second Runner from 3rd tries for Home, SAFE, throw made home Johnny Foley to third Fernando Castellanos to second
|
Pitching: RHP José Gusmán
|
|
Batting: RHB Felipe Domínguez
|
0-0: Ball 1-0: Ball 2-0: Ball 3-0: Base on Balls
|
Batting: RHB Pancho Torres
|
0-0: Fielders Choice at 2nd, 4-6 (Groundball, 4)
|
Bottom of the 9th over - 2 run(s), 3 hit(s), 0 error(s), 2 left on base; Menlo 12 - Bismarck 6 |
|